 Dungeon Crawl Stone Soup version 0.30-a0-778-g2ef04afb54 (webtiles) character file.

Game seed: 11821568415379180464

18 Spectrina the Poker (level 2, 0/22 HPs)
             Began as a Merfolk Reaver on Feb 16, 2023.
             Slain by a ball python (2 damage)
             ... on level 3 of the Dungeon on Feb 17, 2023.
             The game lasted 00:02:34 (161 turns).

Spectrina the Poker (Merfolk Reaver)                 Turns: 161, Time: 00:02:35

Health: 0/22       AC:  3    Str: 12    XL:     2   Next: 66%
Magic:  5/5        EV: 12    Int: 12    God:
Gold:   4          SH:  0    Dex: 12    Spells: 5/6 levels left

rFire   . . .      SeeInvis .    a - +0 spear
rCold   . . .      Faith    .    (no shield)
rNeg    . . .      Spirit   .    b - +0 leather armour
rPois   .          Reflect  .    (no helmet)
rElec   .          Harm     .    (no cloak)
rCorr   .          Rampage  .    (no gloves)
Will    .....                    (no boots)
Stlth   +                        c - amulet of regeneration
HPRegen 1.03/turn                (no ring)
MPRegen 0.09/turn                (no ring)

@: lethally poisoned (0 -> -1), hasted, very quick
A: (nimble swimmer 2), mertail
a: no special abilities


You were on level 3 of the Dungeon.
You visited 1 branch of the dungeon, and saw 3 of its levels.

You collected 4 gold pieces.

Inventory:

Hand Weapons
 a - a +0 spear (weapon)
Armour
 b - a +0 leather armour (worn)
Jewellery
 c - an amulet of regeneration (around neck)
Scrolls
 e - a scroll of identify {unknown}
Potions
 f - a potion of attraction {unknown}


   Skills:
 - Level 2.1 Fighting
 + Level 4.6 Polearms
 - Level 2.6 Dodging
 + Level 2.5 Spellcasting
 - Level 2.4 Conjurations


You had 5 spell levels left.
You knew the following spells:

 Your Spells              Type           Power      Damage    Failure   Level
a - Kiss of Death         Conj/Necr      16%        2d6       21%         1

Your spell library contained the following spells:

 Spells                   Type           Power      Damage    Failure   Level
 Momentum Strike          Conj/Tloc      8%         3d8       30%         2
 Hailstorm                Conj/Ice       4%         3d4       52%         3


Dungeon Overview and Level Annotations

Branches:
Dungeon (3/15)

Altars:


Innate Abilities, Weirdness & Mutations

((You are very nimble when in or above water. (Stealth+, EV+, Speed+++)))
Your lower body shifts to a powerful aquatic tail in water.


Message History

The adder poisons you!
You barely miss the adder.
The adder is severely wounded.
You feel sick. The adder bites you.
You closely miss the adder.
The adder is severely wounded.
You feel sick. The adder bites you.
* * * LOW HITPOINT WARNING * * *
You miss the adder.
The adder is severely wounded.
You feel sick. The adder barely misses you.
Okay, then.
It was a potion of haste.
You feel yourself speed up.
You feel sick. The adder closely misses you.
You closely miss the adder.
The adder is severely wounded.
You feel sick. The adder bites you.
* * * LOW HITPOINT WARNING * * *
You are more poisoned.
The adder poisons you!
You hit the adder.
You kill the adder!
You feel sick.
A ball python comes into view.
You feel sick.
The ball python hisses angrily.
You see here an adder corpse.
You feel sick.
You feel sick.
You barely miss the ball python.
You feel sick. The ball python bites you.
* * * LOW HITPOINT WARNING * * *
The ball python misses you.
You hit the ball python.
The ball python is moderately wounded.
You feel sick.
You feel sick.
You hit the ball python but do no damage.
The ball python is moderately wounded.
The ball python bites you.
You die...

#.#.# .# #...#
#.# #...##.# .##
#..<#.# . ...
....## ..
#.###....###..
#.....?..>#.#
####...S.....##..
..>....@.........
####.....†...##.
####...#### #...#
#...# #####


You could see a ball python.

Vanquished Creatures
  An adder (D:3)
  2 ball pythons (D:1)
  An endoplasm (D:1)
  2 goblins
  2 bats
  A rat (D:1)
9 creatures vanquished.

Notes
Turn   | Place    | Note
-------+----------+-------------------------------------------
     0 | D:1      | Spectrina the Merfolk Reaver began the quest for the Orb.
     0 | D:1      | Reached XP level 1. HP: 16/16 MP: 3/3
    50 | D:1      | Reached XP level 2. HP: 18/22 MP: 5/5
   157 | D:3      | HP: 1/22 [ball python (1)]
   161 | D:3      | Slain by a ball python

Illustrated notes

Levels and vault maps discovered:
D:1:      minmay_arrival_arboretum_small, layout_basic, minmay_pentomino_s2
D:2:      layout_basic, serial_forest, infiniplex_forest_lined_room_2,
          infiniplex_forest_lined_room_3, infiniplex_forest_clump_medium,
          infiniplex_forest_diagonal, infiniplex_forest_side_room,
          infiniplex_forest_clump_curved, infiniplex_forest_lined_2,
          infiniplex_forest_straight_1, minmay_misc_feat_cross,
          kennysheep_another_room, minmay_split_cup_small, uniq_robin,
          uniq_natasha
D:3:      layout_loops_ring, amcnicky_altar_gilded, minmay_stone_trees_large,
          nrook_mini_vaults, amcnicky_mini_pool_small, bh_walls_and_bars,
          uniq_jessica

Action                     || total
---------------------------++-------
  Melee: Spear             ||    43
    Use: Potion            ||     1
 Armour: Leather armour    ||    17
  Dodge: Dodged            ||    30

Table legend: (Time is in decaauts)
 A = Elapsed time spent in this place.
 B = Non-inter-level travel time spent in this place.
 C = Inter-level travel time spent in this place.
 D = Time resting spent in this place.
 E = Time spent auto-exploring this place.
 F = Levels seen in this place.
 G = Mean time per level.
                   A        B        C        D        E       F      G
               +--------+--------+--------+--------+--------+-----+--------+
         Total |    152 |    152 |      0 |      0 |      0 |   3 |   50.7 |
       Dungeon |    152 |    152 |      0 |      0 |      0 |   3 |   50.7 |
               +--------+--------+--------+--------+--------+-----+--------+

Top non-repeatable levels by time:
     D:1: 72 daAuts
     D:2: 64 daAuts
     D:3: 15 daAuts
